 Dungeon Crawl Stone Soup version 0.20.0-15-g7f486f2 (webtiles) character file.

76 Onaxys the Skirmisher (level 4, -1/73 HPs)
             Began as an Ogre Berserker on June 26, 2017.
             Was a Believer of Trog.
             Slain by an adder (4 damage)
             ... on level 3 of the Dungeon.
             The game lasted 00:06:02 (1716 turns).

Onaxys the Skirmisher (Ogre Berserker)              Turns: 1716, Time: 00:06:03

Health: -1/73      AC:  3    Str: 26    XL:     4   Next: 32%
Magic:  4/4        EV: 10    Int:  8    God:    Trog [**....]
Gold:   162        SH:  0    Dex:  9    Spells: 3/3 levels left

rFire    . . .     SeeInvis .   a - +0 mace
rCold    . . .     Gourm    .   (no shield)
rNeg     . . .     Faith    .   b - +0 animal skin
rPois    .         Spirit   .   (helmet restricted)
rElec    .         Reflect  .   (no cloak)
rCorr    .         Harm     .   (gloves unavailable)
MR       .....                  (boots unavailable)
Stlth    ..........             (no amulet)
Regen    0.3/turn               (no ring)
MPRegen  0.1/turn               (no ring)

@: berserking (expiring), lethally poisoned (-1 -> -7), very quick
A: unfitting armour, tough skin 1
a: Berserk, Trog's Hand, Burn Spellbooks, Renounce Religion


You were on level 3 of the Dungeon.
You worshipped Trog.
Trog was pleased with you.
You were very hungry.

You visited 1 branch of the dungeon, and saw 3 of its levels.

You collected 162 gold pieces.

Inventory:

Hand Weapons
 a - a +0 mace (weapon)
Armour
 b - a +0 animal skin (worn)
Scrolls
 d - a scroll of immolation {unknown}
 g - 3 scrolls of fog {unknown}
 i - a scroll of enchant armour {unknown}
 j - a scroll of random uselessness {unknown}
 l - a scroll of recharging {unknown}
 m - a scroll of enchant weapon {unknown}
Potions
 e - a potion of mutation {unknown}
 h - a potion of flight {unknown}
 k - a potion of degeneration {unknown}
 o - a potion of curing {unknown}
Comestibles
 c - 4 bread rations
 f - a meat ration
 n - a chunk of flesh


   Skills:
 + Level 4.9 Fighting
 + Level 3.5 Maces & Flails
 + Level 3.3 Dodging
 + Level 0.1 Stealth


You had 3 spell levels left.
You didn't know any spells.

Dungeon Overview and Level Annotations

Branches:
Dungeon (3/15)

Altars:
Cheibriados
Dithmenos
Fedhas
Xom
The Shining One


Innate Abilities, Weirdness & Mutations

You are too large for most types of armour.
You have tough skin. (AC +1)


Message History

You hit the adder.
The adder is heavily wounded.
The adder bites you.
* * * LOW HITPOINT WARNING * * *
You are lethally poisoned!
The adder poisons you!
You sock the adder!
You kill the adder!
Trog accepts your kill.
* * * LOW HITPOINT WARNING * * *
You feel sick.
You sock the adder!
The adder is severely wounded.
* * * LOW HITPOINT WARNING * * *
You feel sick. The adder barely misses you.
You completely miss the adder.
The adder is severely wounded.
* * * LOW HITPOINT WARNING * * *
You feel sick. The adder bites you.
You die...

#..##....###.####
#...............##
......#.#...##'##..##
....###.#..##≈.≈##..##
...#..# ....##≈≈)≈≈##..##
.#...##....##≈≈...≈≈##..#
..###..#.. #≈.....≈##..#
#....##8_.._.._8##.#
#..#@######8######.# #S#
#.#####.# #.# #g###..#
#..###.#
#####Kl##..###..##..#
#.......##..#..##..##
#.....#...........##
.##.....####.########
.#.#.#)#.## #.#
..........# #.#


You could see an adder, a hobgoblin, a kobold and a frilled lizard.

Vanquished Creatures
  An adder (D:3)
  2 worms
  A dart slug (D:2)
  A leopard gecko (D:2)
  2 giant cockroaches (D:1)
  4 hobgoblins
  4 jackals (D:2)
  7 kobolds
  A quokka (D:3)
  9 bats
  5 frilled lizards
  11 goblins
  8 rats
56 creatures vanquished.

Notes
Turn   | Place    | Note
-------+----------+-------------------------------------------
     0 | D:1      | Onaxys the Ogre Berserker began the quest for the Orb.
     0 | D:1      | Reached XP level 1. HP: 24/24 MP: 1/1
    78 | D:1      | Reached XP level 2. HP: 32/32 MP: 2/2
   390 | D:1      | Reached XP level 3. HP: 40/40 MP: 3/3
   392 | D:1      | Reached ** piety under Trog
  1041 | D:2      | Found a faded altar of an unknown god.
  1424 | D:2      | Found a shimmering altar of Xom.
  1520 | D:3      | Found a glowing golden altar of the Shining One.
  1526 | D:3      | Reached XP level 4. HP: 41/49 MP: 4/4
  1623 | D:3      | Found a blossoming altar of Fedhas.
  1623 | D:3      | Found a snail-covered altar of Cheibriados.
  1624 | D:3      | Found a shadowy altar of Dithmenos.
  1716 | D:3      | HP: 3/73 [poisoned by an adder]
  1716 | D:3      | Slain by an adder

Skill      XL: |  1  2 |
---------------+-------+-----
Maces & Flails | 3 |  3.5
Dodging        | 3 |  3.3
Fighting       | |  4.9
Stealth        | |  0.1

Action                   |  1- 3 |  4- 6 || total
-------------------------+-------+-------++-------
Melee: Mace              |   146 |    43 ||   189
Invok: Berserk           |       |     1 ||     1
       Trog's Hand       |       |     1 ||     1
 Stab: Sleeping          |     1 |       ||     1
  Eat: Chunk             |     2 |     1 ||     3
Armor: Animal skin       |    62 |    23 ||    85
Dodge: Dodged            |   109 |    31 ||   140
